AoeStats
← Old Took

Arabia

507643098Analyzed
1v1 RM · 14d ago on Sep 19, 2026· 28m 36s· 2 players
Game mode
Random Map
Map size
Tiny (2 player)
Population
200
Speed
Normal
Resources
Standard
Victory
Conquest
Starting age
Dark Age
Ending age
Imperial Age
RankedLock teamsTeams togetherTeam positionsShared explorationLock speedFull tech treeHidden civsTurbo modeCheats
Victory
Defeat
🇺🇸 Malians · United States
1645
+13
🇦🇺 Chinese · Australia
1569
-13
Heisenberg
0:25 Loom
8:50 Feudal Age
9:29 Double-Bit Axe
19:53 Fletching
25:23 Castle Age
23:40 Padded Archer Armor
25:58 Scale Barding Armor
26:13 Bodkin Arrow
28:25 Crossbowman
Old Took
4:57 Loom
10:10 Feudal Age
10:18 Man-at-Arms
17:07 Scale Mail Armor
22:32 Castle Age
22:38 Long Swordsman
23:51 Chain Mail Armor
28:33 Squires
29:16 Forging
Connection lost

Rejoining the realm…

Still unreachable

The connection could not be restored.

Session expired

The server has moved on; the page needs a fresh start.